 Dungeon Crawl Stone Soup version 0.30.1-9-gdf580d7c3d (webtiles) character file.

Game seed: 5325091608055494869

2452 Peloso the Carver (level 9, -22/67 (78) HPs)
             Began as a Minotaur Fighter on Oct 13, 2023.
             Annihilated by a wight
             ... wielding a +5 halberd
              (41 damage)
             ... on level 6 of the Dungeon.
             The game lasted 00:13:39 (6971 turns).

Peloso the Carver (Minotaur Fighter)                Turns: 6971, Time: 00:13:40

HP:   -22/67 (78)   AC: 14    Str: 22    XL:     9   Next: 25%
MP:   8/8           EV:  2    Int:  5    God:
Gold: 230           SH:  0    Dex: 13    Spells: 8/8 levels left

rFire   + . .        a - +1 long sword
rCold   . . .        d - +0 buckler
rNeg    . . .        k - +3 chain mail
rPois   .            (helmet restricted)
rElec   .            (no cloak)
rCorr   .            (no gloves)
SInv    .            (no boots)
Will    +....        (no amulet) Stlth
                     g - ring of willpower
HPRegen 0.31/turn    A - ring of protection from fire
MPRegen 0.11/turn

%: no passive effects
@: sleeping, heavily drained
A: horns 2, retaliatory headbutt
a: no special abilities


You were on level 6 of the Dungeon.
You visited 2 branches of the dungeon, and saw 7 of its levels.
You also visited: Ossuary.

You collected 356 gold pieces.
You spent 126 gold pieces at shops.

Inventory:

Hand Weapons
 a - a +1 long sword (weapon)
 c - a +5 hand axe
Missiles
 r - 2 throwing nets (quivered)
Armour
 b - a +0 scale mail
 d - a +0 buckler (worn)
 k - a +3 chain mail (worn)
Jewellery
 g - a ring of willpower (left hand)
 A - a ring of protection from fire (right hand)
Wands
 o - a wand of polymorph (6)
 E - a wand of iceblast (10)
Scrolls
 e - 2 scrolls of immolation
 f - 2 scrolls of teleportation
 i - a scroll of fear
 l - a scroll of enchant armour
 q - 3 scrolls of magic mapping
 s - 3 scrolls of blinking
 v - a scroll of poison
 w - 3 scrolls of noise
 y - 4 scrolls of fog {unknown}
 C - a scroll of summoning
Potions
 h - a potion of might
 j - 2 potions of flight
 m - a potion of cancellation
 n - 3 potions of mutation
 p - 2 potions of haste
 t - a potion of brilliance {unknown}
 u - 3 potions of curing
 x - 3 potions of lignification {unknown}
 z - a potion of resistance {unknown}
 B - a potion of berserk rage {unknown}


   Skills:
 + Level 6.9 Fighting
 + Level 9.9 Long Blades
 + Level 8.4 Armour
 + Level 2.9 Dodging
 + Level 0.5 Stealth
 + Level 6.2 Shields


You had 8 spell levels left.
You didn't know any spells.
Your spell library contained the following spells:

 Spells                   Type           Power      Damage    Failure   Level
 Apportation              Tloc           0%         N/A       97%         1
 Blink                    Tloc           0%         N/A       99%         2
 Cigotuvi's Dreadful Rot  Necr/Pois/Air  0%         N/A       99%         2
 Lesser Beckoning         Tloc           0%         N/A       99%         2
 Momentum Strike          Conj/Tloc      0%         3d8       99%         2
 Dispel Undead            Necr           0%         3d6       100%        4
 Manifold Assault         Tloc           0%         N/A       100%        4
 Alistair's Intoxication  Tmut/Pois      0%         N/A       100%        5
 Death Channel            Necr           0%         N/A       100%        6
 Storm Form               Tmut/Air       0%         N/A       100%        7


Dungeon Overview and Level Annotations

Branches:
Dungeon (6/15)             Temple (1/1) D:5         Ossuary (visited)

Altars:
Ashenzari
Cheibriados
Elyvilon
Fedhas
Gozag
Hepliaklqana
Qazlal
Ru
Sif Muna
Trog
Vehumet
Xom
Yredelemnul
Zin
The Shining One

Shops:
D:1 !   D:3 *

Annotations:
D:2 1 runed translucent door, Crazy Yiuf


Innate Abilities, Weirdness & Mutations

You have a pair of horns on your head.
You reflexively headbutt those who attack you in melee.


Message History

A wight comes into view. It is wielding a +4 trident.
The wight closely misses you.
A wight comes into view. It is wielding a +0 long sword.
The wight closely misses you. You furiously retaliate!
You headbutt the wight.
The wight hits you from afar with a +5 halberd!
The wight attacks as you move away! You block the wight's attack.
The wight hits you with a +5 halberd. The wight barely misses you.
Unknown command.
You hit the wight but do no damage. The wight hits you with a +5 halberd!
You feel drained. The wight barely misses you.
The wight hits you from afar with a +4 trident!
You feel drained.
You slash the wight! Your headbutt misses the wight.
The wight is heavily damaged.
The wight completely misses you. You furiously retaliate!
You headbutt the wight.
The wight hits you from afar with a +0 halberd.
You feel drained.
The wight hits you from afar with a +4 trident.
You feel drained. The wight attacks as you move away!
The wight closely misses you.
The wight hits you from afar with a +5 halberd.
You feel drained.
A sleepcap comes into view.
Found 5 gold pieces.
The wight hits you with a +0 halberd.
You feel drained. The wight closely misses you.
The wight hits you but does no damage. The wight barely misses you.
The wight attacks as you move away! The wight hits you but does no damage.
Found 15 gold pieces.
The sleepcap closely misses you. You furiously retaliate!
You headbutt the sleepcap! You block the sleepcap's attack.
The wight attacks as you move away! The wight hits you but does no damage.
The sleepcap releases spores at you.
* * * LOW HITPOINT WARNING * * *
You are engulfed in a cloud of soporific spores!
You fall asleep.
The sleepcap releases spores at you but does no damage.
The wight hits you from afar with a +5 halberd!!!
Ouch! That really hurt!
You die...

##..............###......#
####............#?..#####
#........#>.....)...# #.
#.......###..##.#...###.
.........#...............
.........z.......##.......
......#.zz.......#........
.#...##f....#............
#.....z@##.#............
..$...#.# ..............
.....$#.. ..###......##
#...........<#.#......##
##..............#.......
#.......................
##.. .##.#......###...#.
##.### ###.....###..### #
#....####.......##..##.


You could see a sleepcap and 4 wights.

Vanquished Creatures
  Eustachio (D:4)
  A steam dragon (D:5)
  Menkaure (D:5)
  Duvessa (D:5)
  3 ogres
  A centaur (D:6)
  A phantom (D:5)
  A bullfrog (D:4)
  Blork the orc (D:5)
  5 scorpions
  4 water moccasin zombies (Ossuary)
  5 wights
  Dowan (D:5)
  2 centaur zombies (Ossuary)
  A human zombie (Ossuary)
  A jelly (D:5)
  2 hounds
  2 sleepcaps (D:5)
  3 orc wizards
  A scorpion zombie (Ossuary)
  An ogre zombie (Ossuary)
  8 adders
  7 gnolls
  An ufetubus (D:5)
  3 adder zombies (Ossuary)
  2 worms
  3 dart slugs
  12 orcs
  4 ball pythons
  5 endoplasms
  2 giant cockroaches
  2 gnoll zombies (Ossuary)
  3 goblins
  3 hobgoblins
  2 quokkas (D:1)
  4 bats
  A frilled lizard (D:2)
  2 goblin zombies (Ossuary)
  3 hobgoblin zombies (Ossuary)
  11 kobolds
  3 orc zombies (Ossuary)
  5 rats
125 creatures vanquished.

Notes
Turn   | Place    | Note
-------+----------+-------------------------------------------
     0 | D:1      | Peloso the Minotaur Fighter began the quest for the Orb.
     0 | D:1      | Reached XP level 1. HP: 19/19 MP: 0/0
    82 | D:1      | Reached XP level 2. HP: 22/27 MP: 1/1
   124 | D:1      | Found Listroet's Distillery.
  1039 | D:2      | Identified the +0 leather armour of Fiwar {Harm}
  1097 | D:2      | Reached skill level 3 in Long Blades
  1097 | D:2      | Reached XP level 3. HP: 31/33 MP: 2/2
  1282 | D:2      | Found a runed translucent door.
  1283 | D:2      | Noticed Crazy Yiuf
  1969 | D:3      | Reached skill level 4 in Long Blades
  1969 | D:3      | Reached XP level 4. HP: 25/40 MP: 3/3
  2083 | D:3      | Found Giyryipi's General Store.
  2151 | D:3      | Bought a potion of degeneration for 12 gold pieces
  2151 | D:3      | Bought a scroll of magic mapping for 90 gold pieces
  2151 | D:3      | Bought a scroll of identify for 24 gold pieces
  2621 | D:4      | Found an opulent altar of Gozag.
  2628 | D:4      | Reached XP level 5. HP: 43/46 MP: 4/4
  2697 | D:4      | Reached skill level 5 in Long Blades
  2750 | D:4      | Noticed Eustachio
  2771 | D:4      | Killed Eustachio
  2772 | D:4      | Reached skill level 5 in Armour
  2772 | D:4      | Reached skill level 1 in Dodging
  2772 | D:4      | Reached XP level 6. HP: 11/53 MP: 5/5
  2798 | D:4      | Found a sacrificial altar of Ru.
  2840 | D:4      | Found a sand-covered staircase.
  2852 | Ossuary  | Entered an ossuary
  2971 | Ossuary  | Reached skill level 6 in Long Blades
  3059 | Ossuary  | Reached skill level 5 in Shields
  3059 | Ossuary  | Reached XP level 7. HP: 35/60 MP: 6/6
  3076 | Ossuary  | Reached skill level 5 in Fighting
  3272 | Ossuary  | Reached skill level 7 in Long Blades
  3327 | Ossuary  | Noticed a silent spectre
  4472 | D:5      | Entered Level 5 of the Dungeon
  4522 | D:5      | Noticed a steam dragon
  4527 | D:5      | Killed a steam dragon
  4528 | D:5      | Reached XP level 8. HP: 69/69 MP: 7/7
  4557 | D:5      | Reached skill level 8 in Long Blades
  4656 | D:5      | Found a shimmering blue altar of Sif Muna.
  4743 | D:5      | Noticed Dowan
  4743 | D:5      | Noticed Duvessa
  4762 | D:5      | Killed Dowan
  4927 | D:5      | Noticed Blork the orc
  4938 | D:5      | Killed Blork the orc
  5257 | D:5      | Found a staircase to the Ecumenical Temple.
  5324 | Temple   | Entered the Ecumenical Temple
  5721 | D:5      | Noticed Menkaure
  5729 | D:5      | Killed Menkaure
  5730 | D:5      | Reached skill level 9 in Long Blades
  5956 | D:5      | Killed Duvessa
  6333 | D:5      | Reached XP level 9. HP: 59/78 MP: 8/8
  6860 | D:6      | Found a broken altar of Ashenzari.
  6971 | D:6      | Annihilated by a wight

Illustrated notes

Levels and vault maps discovered:
D:1:      dpeg_arrival_rooms_b, layout_basic, serial_shops, shop, serial_forest,
          infiniplex_forest_straight_5, infiniplex_forest_clump_cross,
          infiniplex_forest_clump_long, infiniplex_forest_lined_3,
          infiniplex_forest_pool, infiniplex_forest_lined_2,
          infiniplex_forest_straight_4
D:2:      layout_basic, uniq_crazy_yiuf_cottage
D:3:      layout_loops_cross, serial_shops, nicolae_shop_crystal,
          hangedman_decor_riveting
D:4:      layout_loops_ring, lemuel_round_altar, nicolae_gozag_seed_capital,
          nicolae_ossuary_entry_monument, uniq_eustachio
D:5:      layout_loops_ring, mainiacjoe_overflow_surrounded_room, temple_hall,
          uniq_blork_the_orc, uniq_duvessa, uniq_menkaure
D:6:      layout_cave_pools, mainiacjoe_overflow_paths,
          cheibrodos_ashenzari_chains, st_stairs_10, due_unseen_surprise,
          uniq_maggie
Temple:   minmay_temple_curvy_loop

Skill      XL: |  1  2  3  4  5  6  7  8  9 |
---------------+----------------------------+-----
Shields        | 4 5 6 |  6.2
Armour         | 4 5 6 7 8 |  8.4
Long Blades    | 3 4 5 6 7 9 |  9.9
Fighting       | 4 5 6 |  6.9
Dodging        | 1 2 |  2.9
Stealth        | |  0.5

Action                     |  1- 3 |  4- 6 |  7- 9 || total
---------------------------+-------+-------+-------++-------
  Melee: Long sword        |   156 |   119 |   243 ||   518
         Headbutt          |    27 |    31 |    48 ||   106
    Use: Scroll            |     6 |     2 |     9 ||    17
         Potion            |     2 |     2 |     1 ||     5
 Armour: Scale mail        |    25 |       |       ||    25
         Chain mail        |    33 |    53 |   136 ||   222
  Dodge: Dodged            |    59 |    55 |   129 ||   243
  Block: Buckler           |    24 |    41 |    72 ||   137
